 Dungeon Crawl Stone Soup version 0.17-a0-1174-ge06b3cc (webtiles) character file.

4699 wvc the Slicer (level 10, -1/45 HPs)
             Began as a Spriggan Artificer on May 29, 2015.
             Was an Elder of Okawaru.
             Killed from afar by a deep elf mage (12 damage)
             ... with a bolt of magma
             ... on level 9 of the Dungeon.
             The game lasted 00:34:57 (9356 turns).

wvc the Slicer (Spriggan Artificer)                 Turns: 9356, Time: 00:34:57

Health: -1/45      AC:  3    Str:  7    XL:     10   Next: 21%
Magic:  13/15      EV: 24    Int: 15    God:    Okawaru [****..]
Gold:   247        SH:  9    Dex: 19    Spells: 0 memorised, 9 levels left

rFire  + . .     SeeInvis +     s - +1 rapier
rCold  . . .     Clarity  .     e - +1 robe
rNeg   . . .     SustAt   .     G - +0 buckler
rPois  +         Gourm    .     (helmet restricted)
rElec  .         Spirit   .     (no cloak)
rCorr  .         Warding  .     (gloves unavailable)
rMut   .         Stasis   .     (boots unavailable)
MR     +....                    j - amulet of regeneration
Stlth  ++++++++..               y - ring of protection from fire
                                C - ring of stealth

@: heroism, very quick, somewhat resistant to hostile enchantments,
extraordinarily stealthy
A: unfitting armour, see invisible, herbivore 3, speed 3, poison resistance,
slow metabolism 2
a: Heroism, Renounce Religion


You were on level 9 of the Dungeon.
You worshipped Okawaru.
Okawaru was greatly pleased with you.
You were very full.

You visited 2 branches of the dungeon, and saw 10 of its levels.

You collected 409 gold pieces.
You spent 162 gold pieces at shops.

Inventory:

Hand weapons
 h - a +0 dagger
 s - a +1 rapier (weapon)
 x - a +0 dagger of speed
 z - a +0 hunting sling
Missiles
 l - 327 stones (quivered)
 o - 33 poisoned needles
 J - 21 steel sling bullets
Armour
 e - a +1 robe (worn)
 G - a +0 buckler (worn)
Magical staves
 L - an uncursed staff of energy
Jewellery
 j - an amulet of regeneration (around neck)
 y - a ring of protection from fire (right hand)
 C - a ring of stealth (left hand)
 F - an uncursed ring of ice
Magical devices
 b - a wand of flame (2)
 c - a wand of enslavement (1)
 d - a wand of random effects (0)
 E - a wand of digging (6)
 N - a wand of lightning (2)
Scrolls
 g - 9 scrolls of remove curse
 i - 3 scrolls of enchant armour
 k - a scroll of recharging
 n - 2 scrolls of immolation
 r - a scroll of enchant weapon
 u - a scroll of magic mapping
 v - 5 scrolls of teleportation
Potions
 a - 2 potions of brilliance
 m - a potion of resistance
 p - 3 potions of might
 q - 3 potions of cure mutation
 w - 5 potions of curing
 B - a potion of magic
 D - 3 potions of agility {unknown}
 K - a potion of haste {unknown}
 M - a potion of ambrosia {unknown}
Books
 A - a book of Ice

   Spells                             Type                      Level
   a - Ice Form                       Ice/Transmutation            4
   b - Metabolic Englaciation         Hexes/Ice                    5
   c - Ozocubu's Refrigeration        Ice                          6
   d - Bolt of Cold                   Conjuration/Ice              6
   e - Freezing Cloud                 Conjuration/Ice/Air          6
   f - Simulacrum                     Ice/Necromancy               6
Comestibles
 f - 10 bread rations
 t - a slice of pizza
 H - a royal jelly


   Skills:
 - Level 1.2(6.2) Fighting
 * Level 12.7(17.7) Short Blades
 - Level 3.0(8.0) Dodging
 - Level 9.5(14.5) Stealth
 + Level 3.9(8.9) Shields
 - Level 1.2 Invocations
 - Level 6.1 Evocations


You had 9 spell levels left.
You didn't know any spells.

Dungeon Overview and Level Annotations

Branches:
Dungeon (9/15)             Temple (1/1) D:4
   Lair: D:8-11         Orc: D:9-12

Altars:
Ashenzari
Cheibriados
Dithmenos
Elyvilon
Fedhas
Gozag
Kikubaaqudgha
Makhleb
Nemelex Xobeh
Okawaru
Qazlal
Ru
Sif Muna
Trog
Vehumet
Xom
Yredelemnul
Zin
The Shining One

Shops:
D:4 *   D:9 *

Annotations:
D:3 exclusion: phantom


Innate Abilities, Weirdness & Mutations

You are tiny and cannot use many weapons and most armour.
You have supernaturally acute eyesight.
You are a herbivore.
You cover ground extremely quickly.
You need consume almost no food.
Your system is resistant to poisons.


Message History

Use which ability? (? or * to list)
You gain the combat prowess of a mighty hero.
You feel slightly less full. The deep elf mage casts a spell at you.
The stone arrow hits you!
Ouch! That really hurt!
* * * LOW HITPOINT WARNING * * *
Evoke which item? (* to show all) (? for menu, Esc to quit)
Zapping:
N - a wand of lightning (will waste charges)
Press: ? - help, Shift-Dir - straight line, f - deep elf mage
Aim: a deep elf mage, wielding a short sword and wearing a leather armour (moderately wounded)
You hear a mighty clap of thunder!
The bolt of lightning hits the deep elf mage.
The deep elf mage is heavily wounded.
Evoking this partially-identified wand wasted a few charges.
Your skill with magical items lets you calculate the power of this device...
This wand has 2 charges left.
The deep elf mage points at you and mumbles some strange words.
The bolt of magma hits you! You partially resist.
You die...

#.# #.# #.#
#.# #.# #.#
#.#
#.##########
#...@e......
#.##########
#.# ###


You could see a deep elf mage.

Vanquished Creatures
  Pikel (D:8)
  Joseph (D:8)
  A two-headed ogre (D:9)
  Prince Ribbit (D:6)
  A deep elf mage (D:9)
  A human (D:7)
  A wyvern (D:8)
  A yak (D:9)
  A killer bee (D:8)
  A hungry ghost (D:8)
  2 hippogriffs
  A water moccasin (D:7)
  A sky beast (D:9)
  An ice beast (D:6)
  A phantom (D:9)
  A wasp (D:5)
  2 orc warriors
  An ogre (D:8)
  5 centaurs
  Blork the orc (D:6)
  2 giant frogs
  2 crimson imps
  3 orc priests
  5 jellies
  2 hounds
  An iguana (D:6)
  5 orc wizards
  2 worker ants (D:8)
  4 sheep (D:7)
  A hound skeleton (D:6)
  6 adders
  2 gnolls (D:5)
  A shadow imp (D:7)
  An adder zombie (D:8)
  3 oozes
  5 worms
  2 adder skeletons
  4 giant geckos
  26 orcs
  11 bats
  5 giant cockroaches
  14 goblins
  13 hobgoblins
  3 jackals (D:4)
  8 kobolds
  7 quokkas
  2 ball pythons
  A giant gecko skeleton (D:5)
  7 giant newts
  A quokka skeleton (D:6)
  A quokka zombie (D:5)
  15 rats
  A butterfly (D:4)
192 creatures vanquished.

Vanquished Creatures (collateral kills)
  A yak (D:9)
  A sky beast (D:8)
  3 slaves (D:8)
  An ogre (D:8)
  3 killer bees (D:8)
  An adder (D:3)
  6 orcs
  A giant cockroach (D:8)
  A rat (D:3)
18 creatures vanquished.

Vanquished Creatures (others)
  4 yaks (D:9)
  An ice beast (D:8)
  2 killer bees (D:8)
  An orc priest (D:6)
  An adder (D:2)
  A gnoll (D:5)
  A hobgoblin (D:8)
  A rat (D:8)
12 creatures vanquished.

Grand Total: 222 creatures vanquished

Notes
Turn   | Place    | Note
--------------------------------------------------------------
     0 | D:1      | wvc the Spriggan Artificer began the quest for the Orb.
     0 | D:1      | Reached XP level 1. HP: 9/9 MP: 4/4
    41 | D:1      | Reached skill level 1 in Fighting
   340 | D:1      | Reached XP level 2. HP: 14/14 MP: 6/6
  1380 | D:1      | Reached XP level 3. HP: 18/18 MP: 7/7
  2669 | D:3      | Noticed a phantom
  2676 | D:3      | Reached XP level 4. HP: 17/22 MP: 8/8
  3510 | D:3      | Reached XP level 5. HP: 23/25 MP: 9/9
  3890 | D:4      | Reached skill level 5 in Stealth
  3938 | D:4      | Found a staircase to the Ecumenical Temple.
  4091 | Temple   | Entered the Ecumenical Temple
  4186 | Temple   | Became a worshipper of Warmaster Okawaru
  4533 | D:4      | Found Pamijuat's General Store.
  4541 | D:4      | Bought a bread ration for 65 gold pieces
  4541 | D:4      | Bought a potion of might for 52 gold pieces
  4541 | D:4      | Bought a scroll of magic mapping for 45 gold pieces
  4999 | D:5      | Entered Level 5 of the Dungeon
  5049 | D:5      | Reached skill level 5 in Short Blades
  5111 | D:5      | Reached XP level 6. HP: 30/30 MP: 10/10
  5295 | D:5      | Noticed an ogre
  5299 | D:5      | an ogre changed into a wasp
  5300 | D:5      | Reached skill level 6 in Stealth
  5310 | D:5      | Noticed a centaur
  5315 | D:5      | Killed a centaur
  5315 | D:5      | Acquired Okawaru's first power
  5654 | D:5      | Found a shattered altar of Ashenzari.
  5658 | D:5      | Saw a vision of the Shoals and the Snake Pit.
  5658 | D:5      | Noticed a sea snake
  5658 | D:5      | Noticed a merfolk
  5658 | D:5      | Noticed a naga
  5658 | D:5      | Noticed a black mamba
  5658 | D:5      | Noticed a centaur
  5658 | D:5      | Noticed a naga warrior
  5658 | D:5      | Noticed a merfolk
  5658 | D:5      | Noticed a hippogriff
  5658 | D:5      | Noticed a black mamba
  5659 | D:5      | Noticed a siren
  5659 | D:5      | Noticed a naga
  5660 | D:5      | Noticed a merfolk
  5660 | D:5      | Noticed a merfolk
  5660 | D:5      | Noticed a naga
  5661 | D:5      | Noticed a naga
  5661 | D:5      | Noticed a naga sharpshooter
  5661 | D:5      | Noticed a naga warrior
  5662 | D:5      | Noticed a naga ritualist
  5815 | D:6      | Reached skill level 7 in Stealth
  5815 | D:6      | Reached XP level 7. HP: 33/33 MP: 11/11
  6045 | D:6      | Noticed Blork the orc
  6118 | D:6      | Killed Blork the orc
  6118 | D:6      | Reached skill level 5 in Evocations
  6141 | D:6      | Reached skill level 8 in Stealth
  6240 | D:6      | Noticed Prince Ribbit
  6251 | D:6      | Killed Prince Ribbit
  6251 | D:6      | Reached skill level 9 in Stealth
  6251 | D:6      | Reached skill level 1 in Invocations
  6251 | D:6      | Reached XP level 8. HP: 37/37 MP: 9/13
  7140 | D:7      | Reached skill level 1 in Shields
  7539 | D:7      | Gained mutation: Your system is resistant to poisons. [potion of beneficial mutation]
  7778 | D:8      | Reached XP level 9. HP: 41/41 MP: 14/14
  7910 | D:8      | Noticed Joseph
  7912 | D:8      | Killed Joseph
  7912 | D:8      | Reached skill level 10 in Short Blades
  7923 | D:8      | Noticed Pikel
  8014 | D:8      | Killed Pikel
  8014 | D:8      | Reached skill level 11 in Short Blades
  8651 | D:8      | Reached skill level 12 in Short Blades
  8846 | D:9      | Found Kionoro's Assorted Antiques.
  8900 | D:9      | Reached XP level 10. HP: 25/45 MP: 15/15
  9139 | D:9      | Found a radiant altar of Vehumet.
  9143 | D:9      | Found a white marble altar of Elyvilon.
  9356 | D:9      | Killed from afar by a deep elf mage

Vault maps used:
D:1:      evilmike_arrival_crescent
D:2:      nicolae_underground_beach
D:4:      minmay_temple_entry_butterflies, serial_shops, nicolae_shop_crystal,
          first_bread, minivault_26
D:5:      grunt_ashenzari_visionary
D:6:      kennysheep_generic_room_11, uniq_blork_the_orc, uniq_prince_ribbit1
D:7:      grunt_livestock
D:8:      uniq_joseph, uniq_pikel
D:9:      overflow_temple_1_default, lair_0_dummy, serial_shops, shop,
          lemuel_statue_altar
Temple:   kilobyte_greek_temple_18

Action                   |  1- 3 |  4- 6 |  7- 9 | 10-12 || total
-------------------------+-------+-------+-------+-------++-------
Melee: Short sword       |    96 |       |       |       ||    96
       Rapier            |    59 |   165 |    62 |    65 ||   351
       Dagger            |       |    79 |   429 |       ||   508
 Fire: Hunting sling     |       |       |       |     3 ||     3
Throw: Tomahawk          |       |     3 |     4 |       ||     7
       Stone             |       |     3 |       |     1 ||     4
Invok: Heroism           |       |       |    12 |     2 ||    14
Evoke: Wand              |    11 |    19 |    48 |     3 ||    81
  Use: Scroll            |     9 |     4 |     5 |       ||    18
       Potion            |       |       |     3 |     1 ||     4
 Stab: Sleeping          |    11 |    14 |    30 |     2 ||    57
       Distracted        |       |     2 |     2 |       ||     4
  Eat: Bread ration      |       |     1 |       |       ||     1
       Pizza             |       |       |     2 |     6 ||     8
